 Dungeon Crawl Stone Soup version 0.29-a0-407-g477518b (webtiles) character file.

Game seed: 16815304524048806092

53 Illumine the Vexing (level 3, -3/28 HPs)
             Began as a Gnoll Arcane Marksman on May 12, 2022.
             Shot with an arrow by a centaur (11 damage)
             ... on level 3 of the Dungeon.
             The game lasted 00:02:36 (2161 turns).

Illumine the Vexing (Gnoll Arcane Marksman)         Turns: 2161, Time: 00:02:37

Health: -3/28      AC:  3    Str: 11    XL:     3   Next: 87%
Magic:  1/7        EV: 13    Int: 12    God:
Gold:   206        SH:  0    Dex: 12    Spells: 0/7 levels left

rFire   . . .      SeeInvis .   a - +0 hand crossbow
rCold   . . .      Faith    .   (no shield)
rNeg    . . .      Spirit   .   b - +0 robe
rPois   .          Reflect  .   (no helmet)
rElec   .          Harm     .   (no cloak)
rCorr   .          Rampage  .   (no gloves)
Will    .....                   g - +0 pair of boots
Stlth   ++........              (no amulet)
HPRegen 0.09/turn               (no ring)
MPRegen 0.10/turn               (no ring)

@: portalling projectiles
A: fangs 1, strong nose, distributed training
a: no special abilities


You were on level 3 of the Dungeon.
You visited 1 branch of the dungeon, and saw 3 of its levels.

You collected 206 gold pieces.

Inventory:

Hand Weapons
 a - a +0 hand crossbow (weapon)
Armour
 b - a +0 robe (worn)
 g - a +0 pair of boots (worn)
Magical Staves
 p - a staff of fire
Jewellery
 l - a ring of fire
Scrolls
 c - a scroll of vulnerability
 d - 3 scrolls of teleportation {unknown}
 f - 5 scrolls of identify {unknown}
 j - a scroll of poison {unknown}
 k - a scroll of immolation {unknown}
 m - a scroll of acquirement {unknown}
Potions
 e - 2 potions of brilliance {unknown}
 h - a potion of lignification {unknown}
 i - a potion of resistance {unknown}
 n - a potion of degeneration {unknown}
 o - a potion of curing {unknown}


   Skills:
 + Level 2.6 Fighting
 + Level 1.0 Short Blades
 + Level 1.0 Long Blades
 + Level 1.0 Axes
 + Level 1.0 Maces & Flails
 + Level 1.0 Polearms
 + Level 1.0 Staves
 + Level 1.0 Slings
 + Level 1.0 Bows
 + Level 4.6 Crossbows
 + Level 1.0 Throwing
 + Level 1.0 Armour
 + Level 4.6 Dodging
 + Level 1.0 Stealth
 + Level 1.0 Shields
 + Level 1.0 Unarmed Combat
 + Level 2.9 Spellcasting
 + Level 0.7 Conjurations
 + Level 5.4 Hexes
 + Level 0.7 Summonings
 + Level 0.7 Necromancy
 + Level 0.7 Translocations
 + Level 0.7 Transmutations
 + Level 0.7 Fire Magic
 + Level 0.7 Ice Magic
 + Level 0.7 Air Magic
 + Level 0.7 Earth Magic
 + Level 0.7 Poison Magic
 + Level 1.0 Invocations
 + Level 1.0 Evocations


You couldn't memorise any spells.
You knew the following spells:

 Your Spells              Type           Power      Damage    Failure   Level
a - Slow                  Hex            56%        N/A       2%          1
b - Inner Flame           Hex/Fire       9%         N/A       22%         3
c - Portal Projectile     Hex/Tloc       18%        N/A       22%         3

Your spell library contained the following spells:

 Spells                   Type           Power      Damage    Failure   Level
 Cause Fear               Hex            7%         N/A       26%         4
 Gell's Gravitas          Tloc           3%         N/A       50%         3
 Lesser Beckoning         Tloc           3%         N/A       50%         3
 Teleport Other           Tloc           3%         N/A       50%         3


Dungeon Overview and Level Annotations

Branches:
Dungeon (3/15)

Altars:


Innate Abilities, Weirdness & Mutations

You have very sharp teeth.
Your uncanny sense of smell can sniff out nearby items.
Your experience applies equally to all skills.


Message History

You climb downwards.
There is a stone staircase leading up here.
A centaur is nearby!
You shoot a bolt. The centaur shouts!
The bolt hits the centaur but does no damage.
The centaur shoots an arrow.
The arrow hits you!
Unknown command.
Casting: Slow (safe; 2% risk of failure)
Confirm with . or Enter, or press ? or * to list all spells.
Okay, then.
Casting: Slow (safe; 2% risk of failure)
Confirm with . or Enter, or press ? or * to list all spells.
Okay, then.
Casting: Slow (safe; 2% risk of failure)
Confirm with . or Enter, or press ? or * to list all spells.
The spell is quite dangerous to miscast (22% risk of failure)!
Continue anyway?
You begin teleporting projectiles to their destination.
The centaur shoots an arrow.
The arrow hits you!
* * * LOW HITPOINT WARNING * * *
Unknown command.
You are too injured to fight recklessly!
Aiming: Slow (safe; 2% risk of failure)
Press: ? - help, Q - select action, (/) - cycle Shift-Dir - straight line, f/p - centaur
Aim: a centaur, wielding a +0 shortbow (chance to affect: 53%)
The centaur seems to slow down.
The centaur shoots an arrow.
The arrow completely misses you.
Unknown command.
Aiming: Slow (safe; 2% risk of failure)
Press: ? - help, Q - select action, (/) - cycle Shift-Dir - straight line, f/p - centaur
Aim: a centaur, wielding a +0 shortbow (slow, chance to affect: 53%)
The centaur resists with significant effort.
The centaur shoots an arrow.
The arrow misses you.
Unknown command.
Aiming: Slow (safe; 2% risk of failure)
Press: ? - help, Q - select action, (/) - cycle Shift-Dir - straight line, f/p - centaur
Aim: a centaur, wielding a +0 shortbow (slow, chance to affect: 53%)
The centaur resists with significant effort.
The centaur shoots an arrow.
The arrow hits you!
You die...

... ∆ ## ###.. #. ... ..
## ##.#.##.... #. #
........... .### #
###.## .##.###.......
...####.# ...c..
##.##........ #.....c..
...... ##..##.......#
#........ ......
.............###@.......
......
<†#.....................
......
##...........##....#####
......
.....##......#..#.##
......
....########...##.#
......
(........##..####<#
...... .............#
##.# ######
.........###.###..#
######### #.....##


You could see a centaur (slow).

Vanquished Creatures
  3 dart slugs
  5 bats
  6 endoplasms
  3 giant cockroaches (D:1)
  3 goblins (D:1)
  4 hobgoblins
  3 jackals (D:3)
  4 kobolds
  4 quokkas
  A ball python (D:2)
  A frilled lizard (D:1)
  3 rats (D:1)
40 creatures vanquished.

Notes
Turn   | Place    | Note
-------+----------+-------------------------------------------
     0 | D:1      | Illumine the Gnoll Arcane Marksman began the quest for the
                  | Orb.
     0 | D:1      | Reached XP level 1. HP: 17/17 MP: 4/4
   140 | D:1      | Found a faded altar of an unknown god.
   149 | D:1      | Reached XP level 2. HP: 23/23 MP: 5/5
   780 | D:1      | Reached XP level 3. HP: 28/28 MP: 7/7
  1207 | D:2      | Reached skill level 1 in Invocations
  1211 | D:2      | Learned a level 3 spell: Inner Flame
  1215 | D:2      | Learned a level 3 spell: Portal Projectile
  1790 | D:3      | Noticed a centaur
  2031 | D:3      | Reached skill level 1 in Short Blades
  2031 | D:3      | Reached skill level 1 in Long Blades
  2031 | D:3      | Reached skill level 1 in Axes
  2031 | D:3      | Reached skill level 1 in Maces & Flails
  2031 | D:3      | Reached skill level 1 in Polearms
  2031 | D:3      | Reached skill level 1 in Staves
  2031 | D:3      | Reached skill level 1 in Slings
  2031 | D:3      | Reached skill level 1 in Bows
  2031 | D:3      | Reached skill level 1 in Throwing
  2031 | D:3      | Reached skill level 1 in Armour
  2031 | D:3      | Reached skill level 1 in Stealth
  2031 | D:3      | Reached skill level 1 in Shields
  2031 | D:3      | Reached skill level 1 in Unarmed Combat
  2031 | D:3      | Reached skill level 1 in Evocations
  2161 | D:3      | Shot with an arrow by a centaur

Illustrated notes

Levels and vault maps discovered:
D:1:      wander_arrival_fairy_ring, layout_basic, serial_curves,
          eino_curves_02, eino_curves_03, eino_curves_04, eino_curves_03,
          shapermc_ecumenical_altar_gd
D:2:      layout_basic, minmay_unequal
D:3:      layout_rooms, serial_shops, shop, uniq_terence, uniq_grinder

Skill      XL: |  1  2  3 |
---------------+----------+-----
Invocations    | 1 |  1.0
Short Blades   | 1 |  1.0
Long Blades    | 1 |  1.0
Axes           | 1 |  1.0
Maces & Flails | 1 |  1.0
Polearms       | 1 |  1.0
Staves         | 1 |  1.0
Slings         | 1 |  1.0
Bows           | 1 |  1.0
Throwing       | 1 |  1.0
Armour         | 1 |  1.0
Stealth        | 1 |  1.0
Shields        | 1 |  1.0
Unarmed Combat | 1 |  1.0
Evocations     | 1 |  1.0
Fighting       | |  2.6
Crossbows      | |  4.6
Dodging        | |  4.6
Spellcasting   | |  2.9
Conjurations   | |  0.7
Hexes          | |  5.4
Summonings     | |  0.7
Necromancy     | |  0.7
Translocations | |  0.7
Transmutations | |  0.7
Fire Magic     | |  0.7
Ice Magic      | |  0.7
Air Magic      | |  0.7
Earth Magic    | |  0.7
Poison Magic   | |  0.7

Action                   || total
-------------------------++-------
 Fire: Hand crossbow     ||   114
 Cast: Slow              ||     4
       Portal Projectile ||     1
Armor: Robe              ||     6
Dodge: Dodged            ||    31

Table legend: (Time is in decaauts)
 A = Elapsed time spent in this place.
 B = Non-inter-level travel time spent in this place.
 C = Inter-level travel time spent in this place.
 D = Time resting spent in this place.
 E = Time spent auto-exploring this place.
 F = Levels seen in this place.
 G = Mean time per level.
                   A        B        C        D        E       F      G
               +--------+--------+--------+--------+--------+-----+--------+
         Total |   2193 |   2049 |    144 |    223 |   1552 |   3 |  731.0 |
       Dungeon |   2193 |   2049 |    144 |    223 |   1552 |   3 |  731.0 |
               +--------+--------+--------+--------+--------+-----+--------+

Top non-repeatable levels by time:
     D:1: 1096 daAuts
     D:2: 973 daAuts
     D:3: 124 daAuts
